 Dungeon Crawl Stone Soup version 0.19.0-20-gbc5f0c6 (webtiles) character file.

106 KristoblXynda the Sneak (level 4, 0/36 HPs)
             Began as a Naga Enchanter on Nov 16, 2016.
             Killed by nerve-wracking pain
             ... invoked by an orc priest
              (3 damage)
             ... on level 3 of the Dungeon.
             The game lasted 00:05:10 (2783 turns).

KristoblXynda the Sneak (Naga Enchanter)            Turns: 2783, Time: 00:05:11

Health: 0/36       AC:  4    Str: 11    XL:     4   Next: 84%
Magic:  2/8        EV: 10    Int: 18    God:
Gold:   108        SH:  0    Dex: 11    Spells: 3 memorised, 3 levels left

rFire  . . .     SeeInvis +     a - +1 dagger
rCold  . . .     Gourm    .     b - +1 robe
rNeg   + . .     Faith    .     (no shield)
rPois  +         Spirit   .     n - +0 helmet
rElec  .         Reflect  .     (no cloak)
rCorr  .         Harm     .     (no gloves)
MR     .....     Rnd*Tele +     (no barding)
Stlth  +++.......               (no amulet)
                                e - ring of teleportation (curse)
                                g - ring of positive energy

@: short of breath, very slightly contaminated, invisible, very slow
A: see invisible, clever 1, deformed body, poison resistance, slowness 2, slow
metabolism 1, spit poison 1, AC +1
a: Spit Poison


You were on level 3 of the Dungeon.
You were not hungry.

You visited 1 branch of the dungeon, and saw 3 of its levels.

You collected 108 gold pieces.

Inventory:

Hand Weapons
 a - a +1 dagger (weapon)
 h - a +0 hand crossbow
 l - a +2 long sword of flaming
Missiles
 k - 13 bolts
Armour
 b - a +1 robe (worn)
 m - a +0 buckler
 n - a +0 helmet (worn)
 r - a +4 ring mail
Jewellery
 e - a cursed ring of teleportation (right hand)
 g - a ring of positive energy (left hand)
 j - a +6 ring of protection {unknown}
Scrolls
 q - a scroll of amnesia
 s - a scroll of recharging
Potions
 o - a potion of curing {unknown}
 u - a potion of berserk rage {unknown}
 v - a potion of mutation {unknown}
Books
 c - a book of Maledictions

   Spells                             Type                      Level
   a - Corona                         Hexes                        1
   b - Ensorcelled Hibernation        Hexes/Ice                    2
   c - Confuse                        Hexes                        3
   d - Tukima's Dance                 Hexes                        3
   e - Dazzling Spray                 Conjuration/Hexes            3
Comestibles
 d - 2 bread rations
 p - a meat ration
 t - a royal jelly


   Skills:
 - Level 1.0 Short Blades
 - Level 1.5 Dodging
 + Level 6.3 Stealth
 + Level 3.1 Spellcasting
 + Level 3.6 Hexes


You had 3 spell levels left.
You knew the following spells:

 Your Spells              Type           Power        Failure   Level  Hunger
a - Corona                Hex            ###....      4%          1    None
b - Ensorcelled Hibernat  Hex/Ice        #.....       12%         2    ##.....
c - Confuse               Hex            ###.....     14%         3    ###....


Dungeon Overview and Level Annotations

Branches:
Dungeon (3/15)

Altars:
Kikubaaqudgha
Qazlal
Ru
Zin


Innate Abilities, Weirdness & Mutations

You cannot wear boots.
Your serpentine skin is tough. (AC +1)
You have supernaturally acute eyesight. (SInv)
Armour fits poorly on your strangely shaped body.
Your system is resistant to poisons. (rPois)
You cover ground very slowly.
You have a slow metabolism.
You can spit poison.
Your mind is acute. (Int +2)


Message History

You puncture the orc priest!
The orc priest is severely wounded.
The orc priest barely misses you.
You hit the orc priest.
The orc priest is almost dead.
You hit the orc priest.
The orc priest is almost dead.
The orc priest completely misses you.
You closely miss the orc priest.
The orc priest is almost dead.
You have got your breath back.
The orc priest hits you with a club.
* * * LOW HITPOINT WARNING * * *
Press: ? - help, Shift-Dir - straight line, f/p - orc priest
Aim: an orc priest, wielding a club (almost dead)
The splash of poison misses the orc priest.
You feel slightly more hungry.
The orc priest mumbles some strange prayers to Beogh against you.
Pain shoots through your body!
You die...

# .## ...#
###################....#
.................o....>#
................@##
################.# #.#
#.# ...####### #.#
.......)..# #.#
..........# #..
.).....(.# #.........#
#.......# #.........#


You could see an orc priest.

Vanquished Creatures
  Terence (D:2)
  An adder (D:2)
  An ooze (D:1)
  3 worms
  A dart slug (D:2)
  3 leopard geckos
  2 orcs (D:3)
  A ball python (D:3)
  2 giant cockroaches (D:1)
  4 goblins
  2 hobgoblins (D:1)
  11 jackals
  4 bats
  8 frilled lizards
  5 kobolds
  4 rats
53 creatures vanquished.

Notes
Turn   | Place    | Note
-------+----------+-------------------------------------------
     0 | D:1      | KristoblXynda the Naga Enchanter began the quest for the Orb.
     0 | D:1      | Reached XP level 1. HP: 15/15 MP: 3/3
   103 | D:1      | Reached XP level 2. HP: 9/22 MP: 5/5
   281 | D:1      | Learned a level 2 spell: Ensorcelled Hibernation
   656 | D:1      | Reached skill level 5 in Stealth
   740 | D:2      | Reached XP level 3. HP: 14/28 MP: 1/7
  1155 | D:2      | Learned a level 3 spell: Confuse
  1158 | D:2      | Gained mutation: Your mind is acute. (Int +2) [potion of beneficial mutation]
  1638 | D:2      | Reached XP level 4. HP: 36/36 MP: 8/8
  1859 | D:2      | Noticed Terence
  1868 | D:2      | Killed Terence
  1868 | D:2      | Reached skill level 6 in Stealth
  2168 | D:2      | Found a glowing silver altar of Zin.
  2375 | D:3      | Found a stormy altar of Qazlal.
  2426 | D:3      | Found a sacrificial altar of Ru.
  2441 | D:3      | Found an ancient bone altar of Kikubaaqudgha.
  2783 | D:3      | Killed from afar by an orc priest

Skill      XL: |  1  2  3  4 |
---------------+-------------+-----
Stealth        | 5 6 |  6.3
Spellcasting   | 3 |  3.1
Short Blades   | |  1.0
Dodging        | |  1.5
Hexes          | |  3.6

Action                   |  1- 3 |  4- 6 || total
-------------------------+-------+-------++-------
Melee: Dagger            |   114 |    51 ||   165
       Long sword        |       |     4 ||     4
 Cast: Ensorcelled Hiber |    16 |    13 ||    29
 Abil: Spit Poison       |     6 |     3 ||     9
  Use: Scroll            |     3 |     2 ||     5
       Potion            |     1 |     2 ||     3
 Stab: Sleeping          |    16 |    10 ||    26
       Invisible         |       |     1 ||     1
  Eat: Pizza             |     2 |       ||     2
       Fruit             |       |     4 ||     4
Armor: Robe              |    30 |    18 ||    48
Dodge: Dodged            |    60 |    26 ||    86
       Rpst.: Long sword |       |     4 ||     4
